 Dungeon Crawl Stone Soup version 0.19-a0-1051-gdb7e7f8 (webtiles) character file.

113 Musica the Covert (level 4, -4/29 HPs)
             Began as an Octopode Assassin on Aug 2, 2016.
             Killed by nerve-wracking pain
             ... invoked by an orc priest
              (13 damage)
             ... on level 3 of the Dungeon.
             The game lasted 00:05:55 (1000 turns).

Musica the Covert (Octopode Assassin)               Turns: 1000, Time: 00:05:55

Health: -4/29      AC:  1    Str: 10    XL:     4   Next: 96%
Magic:  4/4        EV: 13    Int: 13    God:
Gold:   49         SH:  0    Dex: 14    Spells: 0 memorised, 3 levels left

rFire  . . .     SeeInvis .     r - +2 dagger (speed)
rCold  . . .     Gourm    .     (no shield)
rNeg   . . .     Faith    .     (helmet restricted)
rPois  .         Spirit   .     (no amulet)
rElec  .         Dismiss  .     (no ring)
rCorr  .         Reflect  .     (no ring)
SustAt .         Harm     .     (no ring)
MR     .....                    (no ring)
Stlth  +++++.....               (no ring)
                                (no ring)
                                (no ring)
                                (no ring)

@: not resistant to hostile enchantments, quite stealthy
A: almost no armour, amphibious, 8 rings, constrict 8, camouflage 1, gelatinous
body 1
a: no special abilities


You were on level 3 of the Dungeon.
You were not hungry.

You visited 1 branch of the dungeon, and saw 4 of its levels.

You collected 49 gold pieces.

Inventory:

Hand Weapons
 a - a +2 dagger
 b - a +0 blowgun
 r - a +2 dagger of speed (weapon)
Missiles
 c - 37 poisoned needles
 d - 6 curare-tipped needles
Scrolls
 e - 3 scrolls of remove curse {unknown}
 h - a scroll of random uselessness {unknown}
 j - a scroll of fog {unknown}
 k - 2 scrolls of fear {unknown}
 l - 3 scrolls of identify {unknown}
 m - 4 scrolls of recharging {unknown}
 n - a scroll of teleportation {unknown}
 o - 2 scrolls of blinking {unknown}
 q - a scroll of amnesia {unknown}
Potions
 g - a potion of degeneration {unknown}
 i - a potion of agility {unknown}
 s - 2 potions of flight {unknown}
 u - a potion of brilliance {unknown}
 w - a potion of might {unknown}
Comestibles
 f - 2 bread rations
 t - a royal jelly
 v - 2 beef jerkies
 x - a meat ration


   Skills:
 - Level 2.0 Fighting
 + Level 2.2 Short Blades
 + Level 2.4 Throwing
 - Level 1.0 Dodging
 + Level 8.0 Stealth


You had 3 spell levels left.
You didn't know any spells.

Dungeon Overview and Level Annotations

Branches:
Dungeon (4/15)
 Temple: D:4-7

Altars:
Makhleb


Innate Abilities, Weirdness & Mutations

You cannot wear most types of armour.
You are amphibious.
You can wear up to eight rings at the same time.
You can use your tentacles to constrict eight enemies at once.
Your skin changes colour to match your surroundings (Stealth+).
Your rubbery body absorbs attacks. (AC +1, EV +1)


Message History

An orc priest comes into view. It is wielding a club.
You hit the orc. You grab the orc. You squeeze the orc.
The orc is severely wounded.
You constrict the orc. You hit the orc.
You kill the orc!
Your Stealth skill increases to level 8!
The orc priest calls down the wrath of Beogh upon you.
Beogh smites you!
Ouch! That really hurt!
Unknown command.
The orc hits you with a mace.
You barely miss the orc. You grab the orc. You constrict the orc.
You hit the orc. You squeeze the orc.
You kill the orc!
Things that are here:
a mace; an orc corpse The orc priest calls down the wrath of Beogh upon you.
Pain shoots through your body!
You die...

##....................#
.........####.###.#.#.#
####.##### #)# #.#)#
.....# #.# #.#o# ###..#
#.# #o#.# #..# #.#
#.#.# #..########.#
#.#w#
#......[...<###.#o.
#............)@.#..
#################


You could see an orc priest.

Vanquished Creatures
  An iguana (D:4)
  3 adders (D:2)
  A worm (D:2)
  3 giant geckos
  7 orcs (D:3)
  4 bats
  3 giant cockroaches (D:1)
  5 goblins
  5 hobgoblins
  5 kobolds
  A quokka (D:2)
  A ball python (D:2)
  2 giant newts
  5 rats
46 creatures vanquished.

Notes
Turn   | Place    | Note
-------+----------+-------------------------------------------
     0 | D:1      | Musica the Octopode Assassin began the quest for the Orb.
     0 | D:1      | Reached XP level 1. HP: 14/14 MP: 1/1
   128 | D:1      | Reached XP level 2. HP: 19/19 MP: 2/2
   193 | D:1      | Reached skill level 6 in Stealth
   326 | D:1      | Reached XP level 3. HP: 21/24 MP: 3/3
   463 | D:2      | Reached skill level 7 in Stealth
   599 | D:2      | Reached XP level 4. HP: 20/29 MP: 4/4
   917 | D:3      | Found a burning altar of Makhleb.
   983 | D:3      | Reached skill level 8 in Stealth
  1000 | D:3      | Killed from afar by an orc priest

Vault maps used:
D:1:      mushboom_english_gardens
D:3:      lemuel_upstairs_altar, ecumenical_altar_2
D:4:      chei_slow_surprise, uniq_blork_the_orc, uniq_robin,
          uniq_crazy_yiuf_cottage

Skill      XL: |  1  2  3  4 |
---------------+-------------+-----
Stealth        | 6 7 8 |  8.0
Fighting       | |  2.0
Short Blades   | |  2.2
Throwing       | |  2.4
Dodging        | |  1.0

Action                   |  1- 3 |  4- 6 || total
-------------------------+-------+-------++-------
Melee: Dagger            |    62 |    18 ||    80
       Constrict         |    15 |     5 ||    20
       Tentacles         |    10 |     3 ||    13
 Fire: Blowgun           |       |     5 ||     5
 Stab: Distracted        |     1 |       ||     1
       Sleeping          |    10 |     7 ||    17
Armor: Skin              |     5 |       ||     5
Dodge: Dodged            |    31 |     3 ||    34
